Map: Bel'Shir Vestige LE (Void)

Players

IIIIIIIIIIII

  • Race: Terran Terran
  • Spawn Location: 5:00

Musumeci - Winner!

  • Race: Zerg Zerg
  • League: Diamond
  • Spawn Location: 11:00

VOD

Have the link to the VOD?

Description

Time

  • Played on: Feb. 11, 2017, 3:19 p.m.
  • Length: 6:40
Show
View Real Time Build Order
Export as new Build Order

IIIIIIIIIIII Terran 

Build Orders:  

Get SALT Encoding   

  12  0:01  SCV  
  13  0:18  Supply Depot  
  13  0:41  Barracks  
  13  0:49  Barracks  
  13  1:04  Barracks  
  13  1:08  SCV  
  14  1:28  Marine  
  15  1:33  Barracks  
  15  1:36  Marine  
  16  1:47  Marine  
  17  1:55  Marine x2  
  17  2:04  Marine  
  16  2:12  Marine  
  16  2:13  Marine  
  18  2:21  Marine  
  18  2:22  Marine  
  20  2:30  Marine, Supply Depot  
  20  2:33  Marine  
  22  2:41  Marine  
  23  2:50  Marine  
  23  2:51  Marine  
  23  2:56  Marine  
Show
View Real Time Build Order
Export as new Build Order

Musumeci Zerg - Winner!

Build Orders: Pool First 

Get SALT Encoding   

  12  0:05  Drone  
  13  0:08  Drone  
  14  0:14  Extractor  
  14  0:16  Drone  
  15  0:34  Spawning Pool  
  14  0:41  Drone, Extractor  
  15  0:46  Overlord  
  15  1:12  Hatchery  
  14  1:20  Zergling x4  
  16  1:25  Zergling x2  
  17  1:45  Zergling x4  
  15  2:25  Zergling x2  
  15  2:26  Spine Crawler x2, Zergling x4  
  15  2:27  Spine Crawler, Zergling x2  
  16  2:39  Queen, Zergling x2  
  16  2:42  Zergling x2  
  20  2:50  Zergling x2  
  19  3:01  Zergling x2  
  17  3:14  Zergling x2  
  17  3:17  Zergling x6  
  18  3:33  Zergling x2  
  18  3:34  Zergling x2  
  20  3:48  Zergling x2  
  20  3:49  Zergling x2  
  14  5:16  Drone x3  
  14  5:17  Spawning Pool  
  14  5:18  Drone  
  17  5:33  Drone  
  17  5:34  Drone x2  
  20  5:48  Drone x2  
  22  6:10  Spine Crawler  
  23  6:26  Drone x3  
Tags
 
Add a new tag
Caveats
  • Supply blocks, unpowered buildings, or Contaminate may cause inaccurate times.
  • Supply counts are checked every 10 seconds.